 Dungeon Crawl Stone Soup version 0.23-a0-4-g8f018a2 (webtiles) character file.

86 prawnwizard the Ruffian (level 4, -4/34 HPs)
             Began as a Demonspawn Gladiator on July 31, 2018.
             Killed from afar by Sigmund (9 damage)
             ... with a puff of flame
             ... on level 2 of the Dungeon.
             The game lasted 00:02:02 (2034 turns).

prawnwizard the Ruffian (Demonspawn Gladiator)      Turns: 2034, Time: 00:02:02

Health: -4/34      AC:  6    Str: 16    XL:     4   Next: 26%
Magic:  0/4        EV: 12    Int:  9    God:
Gold:   70         SH:  0    Dex: 14    Spells: 3/3 levels left

rFire    . . .     SeeInvis .     - Unarmed
rCold    . . .     Gourm    .   (no shield)
rNeg     . . .     Faith    .   i - +0 ring mail
rPois    .         Spirit   +   b - +0 helmet
rElec    .         Reflect  .   (no cloak)
rCorr    .         Harm     .   (no gloves)
MR       .....                  (no boots)
Stlth    ++........             (no amulet)
HPRegen  0.11/turn              (no ring)
MPRegen  0.09/turn              (no ring)

@: no status effects
A: nightstalker 1, magic shield
a: no special abilities


You were on level 2 of the Dungeon.
You were not hungry.

You visited 1 branch of the dungeon, and saw 2 of its levels.

You collected 70 gold pieces.

Inventory:

Missiles
 c - 3 throwing nets (quivered)
Armour
 a - a +0 leather armour
 b - a +0 helmet (worn)
 i - a +0 ring mail (worn)
Scrolls
 f - 2 scrolls of remove curse {unknown}
 h - a scroll of teleportation {unknown}
 j - a scroll of identify {unknown}
 k - a scroll of enchant weapon {unknown}
 l - a scroll of amnesia {unknown}
Potions
 e - 2 potions of curing {unknown}
Comestibles
 d - a ration
 g - a chunk of flesh


   Skills:
 + Level 2.8 Fighting
 - Level 1.7 Throwing
 + Level 3.2 Dodging
 * Level 3.8 Unarmed Combat


You had 3 spell levels left.
You didn't know any spells.
Your spell library was empty.

Dungeon Overview and Level Annotations

Branches:
Dungeon (2/15)

Altars:

Annotations:
D:2 Sigmund


Innate Abilities, Weirdness & Mutations

You are slightly more attuned to the shadows.
When hurt, damage is shared between your health and your magic reserves.


Message History

No target in view!
You miss something. Something hits you.
You closely miss something. You barely miss something. Something hits you.
You closely miss something. Something hits you!
You hit something but do no damage. You barely miss something.
Something hits you but does no damage.
You barely miss something. You closely miss something. Something hits you.
* * * LOW HITPOINT WARNING * * *
You barely miss something.
You hear some strange, mumbled words.
A puff of flame appears from out of thin air!
The puff of flame hits you!
* * * LOW HITPOINT WARNING * * *
You closely miss something.
You hear some strange, mumbled words.
A puff of flame appears from out of thin air!
The puff of flame hits you!
You die...

#.# #.# ##.####
###.....######
+..............
###.......####
#.#.#...#
#.###...####
#.......@..#
........{.#
..........#
.......####
###....# #....#
#.###


There were no monsters in sight!

Vanquished Creatures
  A centaur skeleton (D:2)
  Robin (D:2)
  A worm (D:2)
  A giant cockroach (D:2)
  10 hobgoblins
  6 jackals (D:1)
  2 bats
  4 frilled lizards
  6 goblins
  6 kobolds
  3 rats (D:1)
41 creatures vanquished.

Notes
Turn   | Place    | Note
-------+----------+-------------------------------------------
     0 | D:1      | prawnwizard the Demonspawn Gladiator began the quest for the Orb.
     0 | D:1      | Reached XP level 1. HP: 16/16 MP: 1/1
   487 | D:1      | Gained mutation: When hurt, damage is shared between your health and your magic reserves. [demonic ancestry]
   487 | D:1      | Reached XP level 2. HP: 22/22 MP: 2/2
  1483 | D:1      | Gained mutation: You are slightly more attuned to the shadows. [demonic ancestry]
  1483 | D:1      | Reached XP level 3. HP: 28/28 MP: 3/3
  1596 | D:2      | Noticed Robin
  1629 | D:2      | Killed Robin
  1912 | D:2      | Reached XP level 4. HP: 33/34 MP: 4/4
  2020 | D:2      | Noticed Sigmund
  2034 | D:2      | Killed from afar by Sigmund

Vault maps used:
D:1:      dpeg_arrival_simpleton_a, serial_forest, infiniplex_forest_corner_1,
          infiniplex_forest_corner_1, infiniplex_forest_straight_2,
          infiniplex_forest_lined_2, infiniplex_forest_lined_ring,
          infiniplex_forest_straight_2, roderic_serpentine_path
D:2:      minmay_pentomino_v4, uniq_sigmund, uniq_robin

Skill      XL: |  1  2 |
---------------+-------+-----
Unarmed Combat | 3 |  3.8
Dodging        | 3 |  3.2
Fighting       | |  2.8
Throwing       | |  1.7

Action                   |  1- 3 |  4- 6 || total
-------------------------+-------+-------++-------
Melee: Unarmed           |   184 |    13 ||   197
       Punch             |     4 |       ||     4
 Stab: Sleeping          |     2 |       ||     2
  Eat: Chunk             |     3 |     1 ||     4
Armor: Leather armour    |    18 |       ||    18
       Ring mail         |    45 |     2 ||    47
Dodge: Dodged            |   131 |     1 ||   132

Table legend:
 A = Spawn XP
 B = Non-spawn XP
 C = Spawn XP percentage of total XP
 D = Spawn monster count
 E = Non-spawn monster count
 F = Spawn count percentage of total count
 G = Total turns spent on level
                    A         B        C        D         E        F      G
               +---------+---------+-------+---------+---------+-------+---------
         Total |       0 |     123 |   0.0 |       0 |      41 |   0.0 |  2034
               +---------+---------+-------+---------+---------+-------+---------
           D:1 |       0 |      43 |   0.0 |       0 |      27 |   0.0 |  1579
           D:2 |       0 |      80 |   0.0 |       0 |      14 |   0.0 |   455
               +---------+---------+-------+---------+---------+-------+---------
